 Dungeon Crawl Stone Soup version 0.24.1 (webtiles) character file.

Game seed: 15773959139244724731, levelgen mode: deterministic

275 MajorAdolf the Sneak (level 6, -4/52 HPs)
             Began as a Naga Wanderer on Apr 1, 2020.
             Slain by a mummy (17 damage)
             ... in an ossuary.
             The game lasted 00:11:03 (3623 turns).

MajorAdolf the Sneak (Naga Wanderer)                Turns: 3623, Time: 00:11:04

Health: -4/52      AC:  5    Str: 14    XL:     6   Next: 25%
Magic:  7/7        EV:  9    Int: 13    God:
Gold:   123        SH:  0    Dex: 12    Spells: 7/7 levels left

rFire    + . .     SeeInvis +   a - +2 dagger
rCold    . . .     Gourm    .   (no shield)
rNeg     . . .     Faith    .   o - +1 robe {rF+}
rPois    +         Spirit   .   (no helmet)
rElec    .         Reflect  .   e - +0 cloak
rCorr    .         Harm     .   (no gloves)
MR       .....                  (no barding)
Stlth    +++.......             (no amulet)
HPRegen  0.17/turn              (no ring)
MPRegen  0.10/turn              (no ring)

@: hasted, quick
A: large, see invisible, deformed body, poison resistance, slowness 2, slow
metabolism 1, spit poison 1, AC +2
a: Spit Poison


You were in an ossuary.
You were not hungry.

You visited 1 branch of the dungeon, and saw 4 of its levels.
You also visited: Ossuary.

You collected 123 gold pieces.

Inventory:

Hand Weapons
 a - a +2 dagger (weapon)
 h - a +0 hunting sling
Missiles
 j - 280 stones (quivered)
 n - 22 sling bullets
Armour
 e - a +0 cloak (worn)
 o - a +1 robe of fire resistance (worn)
 p - a +0 large shield
Scrolls
 c - 2 scrolls of teleportation
 g - 2 scrolls of remove curse
 i - a scroll of identify
 m - a scroll of noise
 r - a scroll of fog {unknown}
Potions
 b - a potion of flight
 d - 2 potions of curing
 k - 2 potions of cancellation
 l - 2 potions of haste
Comestibles
 f - a ration


   Skills:
 - Level 2.0 Fighting
 + Level 3.7 Short Blades
   Level 2.0 Staves
 + Level 6.9 Stealth
 + Level 1.5 Shields
 - Level 1.0 Spellcasting
   Level 2.6 Poison Magic
   Level 1.0 Evocations


You had 7 spell levels left.
You didn't know any spells.
Your spell library was empty.

Dungeon Overview and Level Annotations

Branches:
Dungeon (4/15)            Ossuary (1/1)
 Temple: D:4-7

Altars:
Ru

Annotations:
D:1 exclusion: 2 jackals
D:2 exclusion: 2 adders


Innate Abilities, Weirdness & Mutations

You cannot wear boots.
Your serpentine skin is tough. (AC +2)
You have supernaturally acute eyesight. (SInv)
Armour fits poorly on your strangely shaped body.
Your system is resistant to poisons. (rPois)
You cover ground very slowly.
You have a slow metabolism.
You can spit poison.


Message History

The mummy is severely damaged.
The big kobold zombie hits you but does no damage.
You hit the mummy.
The mummy is almost destroyed.
The big kobold zombie hits you. The human zombie hits you!
The mummy barely misses you. The mummy hits you.
The big kobold zombie hits you but does no damage.
The mummy hits you!
There is a gate leading back out of this place, spattered with blood here.
You hit the mummy.
You destroy the mummy!
The human zombie hits you but does no damage.
Unknown command.
You feel yourself speed up. The human zombie hits you.
* * * LOW HITPOINT WARNING * * *
You feel better.
You hit the mummy but do no damage. The human zombie hits you!
* * * LOW HITPOINT WARNING * * *
The mummy hits you!
You die...

######################
#....ZZZZZ@∩.........#
#.....ZZZM...........#
#...##############...#
#...# #...# #...#
#...# #...# #...#
#...# #...# #..Z#
#..... #...# #.Z.#
#.... #...#


You could see a mummy, 2 adder zombies, 3 goblin zombies, a hobgoblin zombie, a
big kobold zombie and a human zombie.

Vanquished Creatures
  An elf zombie (Ossuary)
  2 orc priests (D:4)
  Crazy Yiuf (D:3)
  A mummy (Ossuary)
  2 adders (D:3)
  3 worms
  2 dart slugs
  2 orcs
  5 giant cockroaches
  9 goblins
  7 hobgoblins
  5 jackals
  9 kobolds
  A quokka (D:2)
  9 bats
  3 frilled lizards
  8 hobgoblin zombies (Ossuary)
  7 kobold zombies (Ossuary)
  5 orc zombies (Ossuary)
  2 quokka zombies (D:4)
  3 rats
87 creatures vanquished.

Notes
Turn   | Place    | Note
-------+----------+-------------------------------------------
     0 | D:1      | MajorAdolf the Naga Wanderer began the quest for the Orb.
     0 | D:1      | MajorAdolf set off with the following items: a +2 dagger, a
                  | potion of berserk rage, a +0 quarterstaff, a potion of
                  | curing, a +0 robe, a ration
     0 | D:1      | Reached XP level 1. HP: 19/19 MP: 2/2
   212 | D:1      | Reached skill level 1 in Short Blades
   212 | D:1      | Reached XP level 2. HP: 26/26 MP: 3/3
   612 | D:2      | Reached skill level 4 in Stealth
  1001 | D:2      | Reached XP level 3. HP: 32/32 MP: 4/4
  1004 | D:2      | Found a sacrificial altar of Ru.
  2068 | D:3      | Reached skill level 5 in Stealth
  2212 | D:3      | Reached XP level 4. HP: 39/39 MP: 5/5
  2460 | D:3      | Found a runed translucent door.
  2461 | D:3      | Noticed Crazy Yiuf
  2473 | D:3      | Killed Crazy Yiuf
  2698 | D:3      | Reached XP level 5. HP: 40/45 MP: 6/6
  2913 | D:3      | Reached skill level 6 in Stealth
  3050 | D:4      | Found a sand-covered staircase.
  3085 | Ossuary  | Entered an ossuary
  3509 | Ossuary  | Reached skill level 1 in Shields
  3607 | Ossuary  | Reached XP level 6. HP: 52/52 MP: 7/7
  3623 | Ossuary  | Slain by a mummy

Levels and vault maps discovered:
D:1:      dpeg_arrival_houses_and_road, layout_basic
D:2:      layout_basic, lemuel_doored_altar, zin_statuary
D:3:      layout_basic, uniq_crazy_yiuf_cottage
D:4:      layout_rooms, gammafunk_temple_overflow_statue, portal_sewer_entry_b,
          first_ration, enter_ossuary_4, uniq_natasha
Ossuary:  ossuary_tomb_1

Skill      XL: |  1  2  3  4  5 |
---------------+----------------+-----
Short Blades   | 1 2 3 |  3.7
Stealth        | 4 5 6 |  6.9
Shields        | 1 |  1.5
Fighting       | |  2.0
Staves         | |  2.0
Spellcasting   | |  1.0
Poison Magic   | |  2.6
Evocations     | |  1.0

Action                   |  1- 3 |  4- 6 || total
-------------------------+-------+-------++-------
Melee: Dagger            |    32 |   188 ||   220
 Fire: Hunting sling     |    13 |    21 ||    34
 Abil: Spit Poison       |    36 |    11 ||    47
  Use: Potion            |       |     5 ||     5
       Scroll            |       |     7 ||     7
 Stab: Sleeping          |       |     4 ||     4
       Invisible         |       |     1 ||     1
  Eat: Chunk             |     5 |     2 ||     7
       Ration            |       |     1 ||     1
Armor: Robe              |     6 |    39 ||    45
       Skin              |       |    50 ||    50
Dodge: Dodged            |    19 |    57 ||    76
